 Dungeon Crawl Stone Soup version 0.31.0-9-g3a7656b989 (webtiles) character file.

Game seed: 14711385117669111787

157 qw the Shooter (level 5, 0/26 HPs)
             Began as a Spriggan Hunter on Feb 2, 2024.
             Slain by Ijyb
             ... wielding a +0 dagger
              (3 damage)
             ... on level 3 of the Dungeon.
             The game lasted 00:00:06 (1404 turns).

qw the Shooter (Spriggan Hunter)                    Turns: 1404, Time: 00:00:06

Health: 0/26       AC:  2    Str:  7    XL:     5   Next: 15%
Magic:  6/6        EV: 20    Int: 10    God:
Gold:   90         SH:  0    Dex: 21    Spells: 4/4 levels left

rFire   . . .        a - +0 shortbow
rCold   . . .        (shield currently unavailable)
rNeg    . . .        c - +0 robe
rPois   .            (helmet restricted)
rElec   .            (no cloak)
rCorr   .            (gloves unavailable)
SInv    +            (boots unavailable)
Will    .....        (no amulet)
Stlth   ++           (no ring)
HPRegen 0.24/turn    (no ring)
MPRegen 0.10/turn

%: no passive effects
@: very quick
A: very small, no large weapons, unfitting armour, see invisible, speed 3
a: no special abilities


You were on level 3 of the Dungeon.
You visited 1 branch of the dungeon, and saw 3 of its levels.

You collected 90 gold pieces.


Innate Abilities, Weirdness & Mutations

You are very small and have problems with some larger weapons.
You are too small for most types of armour.
You have supernaturally acute eyesight. (SInv)
You cover ground extremely quickly. (Speed+++)


   Skills:
 - Level 2.0 Fighting
 + Level 5.3 Ranged Weapons
 - Level 5.1 Dodging
 - Level 1.5 Stealth


You had 4 spell levels left.
You didn't know any spells.
Your spell library was empty.

Inventory:

Hand Weapons
 a - a +0 shortbow (weapon)
Armour
 c - a +0 robe (worn)
Wands
 b - a wand of mindburst (3)
 i - a wand of polymorph (15)
Scrolls
 h - a scroll of identify
Potions
 e - a potion of magic {unknown}
 f - a potion of curing {unknown}

Dungeon Overview and Level Annotations

Branches:
Dungeon (3/15)

Altars:
Uskayaw

Annotations:
D:3 Ijyb


Message History

Ijyb is moderately wounded.
You shoot an arrow. The arrow hits Ijyb.
Ijyb is moderately wounded.
An endoplasm comes into view.
You shoot an arrow. The arrow barely misses Ijyb.
The endoplasm quivers.
Ijyb zaps a wand.
The mass of ice explodes!
The iceblast engulfs you!!
Ouch! That really hurt!
You hear a shout!
1359 ||| READING scroll of teleportation.
As you read the scroll of teleportation, it crumbles to dust.
You feel strangely unstable.
1360 ||| DRINKING potion of heal wounds.
You feel much better.
You shoot an arrow. The arrow closely misses Ijyb.
Ijyb barely misses you.
You shoot an arrow. The arrow hits Ijyb.
Ijyb is heavily wounded.
Ijyb completely misses you.
You shoot an arrow. The arrow completely misses Ijyb.
Your surroundings suddenly seem different.
You shoot an arrow. The arrow misses Ijyb.
Ijyb shouts!
You shoot an arrow. The arrow closely misses Ijyb.
You shoot an arrow. The arrow hits Ijyb!
Ijyb is severely wounded.
You shoot an arrow. The arrow closely misses Ijyb.
Ijyb zaps a wand.
The mass of ice explodes!
The iceblast engulfs you!
Ouch! That really hurt!
You shoot an arrow. The arrow closely misses Ijyb.
You shoot an arrow. The arrow closely misses Ijyb.
Ijyb zaps a wand.
The mass of ice explodes!
The iceblast engulfs you!
You shoot an arrow. The arrow hits Ijyb but does no damage.
Ijyb is severely wounded.
You shoot an arrow. The arrow closely misses Ijyb.
Ijyb completely misses you. Ijyb hits you but does no damage.
You shoot an arrow. The arrow hits Ijyb but does no damage.
Ijyb is severely wounded.
Ijyb hits you with a +0 dagger.
You die...

##....... #.......% #######
#.........# #.[...#
#.........# #....%#
#.........## ####
#.....###..........#
#..###.......#..........#
##..##.....#.@g.........###
#...#.....###............###
#...#.....#
#..............##
##..#.....#
#.........####..#
##..###<#####......%### #...
#..###......#......).#####.
#...#######...........## ##
#...## ##########...# ##...#
#.....%......####


You could see Ijyb.

Vanquished Creatures
  Jessica (D:1)
  Terence (D:3)
  3 gnolls (D:3)
  An adder (D:3)
  2 dart slugs
  A ribbon worm (D:2)
  6 ball pythons
  5 endoplasms
  3 giant cockroaches (D:1)
  3 goblins
  4 hobgoblins
  8 jackals
  4 quokkas
  5 bats
  5 frilled lizards
  6 kobolds
  3 rats
  A spectral goblin (D:1)
62 creatures vanquished.

Notes
Turn   | Place    | Note
-------+----------+-------------------------------------------
     0 | D:1      | qw the Spriggan Hunter began the quest for the Orb.
     0 | D:1      | Reached XP level 1. HP: 10/10 MP: 2/2
     0 | D:1      | 0 ||| qw: Version: 0.3-a-155-g5e7d8dd
     0 | D:1      | 0 ||| qw: Game counter: 177
     0 | D:1      | 0 ||| qw: Melee chars always use a shield: true
     0 | D:1      | 0 ||| qw: God list: Okawaru
     0 | D:1      | 0 ||| qw: Allow faded altars: false
     0 | D:1      | 0 ||| qw: Do Orc after clearing Dungeon:15 true
     0 | D:1      | 0 ||| qw: Do second Lair branch before Depths: true
     0 | D:1      | 0 ||| qw: Lair rune preference: random
     0 | D:1      | 0 ||| qw: Goals: Normal
     0 | D:1      | 0 ||| PLANNING D:1-11
     6 | D:1      | Noticed a four-headed hydra
     6 | D:1      | Noticed a mana viper
     6 | D:1      | Noticed an iguana
     7 | D:1      | Noticed a hog
     7 | D:1      | Noticed a brain worm
    29 | D:1      | Reached skill level 3 in Dodging
    92 | D:1      | Reached XP level 2. HP: 14/14 MP: 3/3
   436 | D:1      | Found a faded altar of an unknown god.
   475 | D:1      | Reached XP level 3. HP: 18/18 MP: 4/4
   543 | D:1      | 543 ||| READING scroll labelled DAOPLI NUCW.
   544 | D:1      | 544 ||| READING 2 scrolls labelled YCAFODDUXZUE.
   544 | D:1      | 544 ||| IDENTIFYING black potion
   545 | D:1      | 545 ||| READING scroll of identify.
   545 | D:1      | 545 ||| IDENTIFYING scroll labelled QUZE MAMIZY
   546 | D:1      | 546 ||| DROPPING scroll of butterflies.
   583 | D:2      | Noticed Jessica
   583 | D:2      | Found a hide-covered altar of Uskayaw.
   585 | D:2      | 585 ||| STAIRDANCE
   588 | D:1      | Killed Jessica
   591 | D:2      | 591 ||| STAIRDANCE
   595 | D:2      | 595 ||| STAIRDANCE
   693 | D:2      | Identified the +5 short sword of the Telling Gods {protect,
                  | rElec}
   820 | D:2      | Reached XP level 4. HP: 22/22 MP: 5/5
  1079 | D:2      | 1079 ||| READING scroll labelled ZUFFAX ZEQUU.
  1079 | D:2      | 1079 ||| ENCHANTING +0 shortbow.
  1316 | D:3      | Noticed Terence
  1324 | D:3      | Killed Terence
  1325 | D:3      | Reached XP level 5. HP: 23/26 MP: 6/6
  1354 | D:3      | Noticed Ijyb
  1358 | D:3      | HP: 6/26 [Ijyb/iceblast (20)]
  1359 | D:3      | 1359 ||| READING scroll of teleportation.
  1360 | D:3      | 1360 ||| DRINKING potion of heal wounds.
  1401 | D:3      | HP: 2/26 [Ijyb/iceblast (8)]
  1404 | D:3      | Slain by Ijyb

Levels and vault maps discovered:
D:1:      onia_arrival_zoo_common, layout_rooms,
          dreamdust_ecumenical_altar_drowned_temple
D:2:      layout_rooms, basic_altar, chequers_arboretum, uniq_jessica
D:3:      layout_rooms, uniq_terence, uniq_natasha, uniq_ijyb

Skill      XL: |  1  2  3  4 |
---------------+-------------+-----
Dodging        | 3 4 5 |  5.1
Ranged Weapons | 5 |  5.3
Fighting       | 2 |  2.0
Stealth        | |  1.5

Action                     |  1- 3 |  4- 6 || total
---------------------------+-------+-------++-------
   Fire: Shortbow          |    91 |    88 ||   179
    Use: Scroll            |     3 |     2 ||     5
         Potion            |       |     1 ||     1
 Armour: Robe              |     3 |    12 ||    15
  Dodge: Dodged            |    36 |    45 ||    81

Table legend:
 A = Non-vault XP
 B = Vault XP
 C = Vault XP percentage of total XP
 D = Non-vault monster count
 E = Vault monster count
 F = Vault count percentage of total count
                 A         B        C        D         E       F
            +---------+---------+-------+---------+---------+-------
      Total |     151 |      74 |  32.9 |      59 |       3 |   4.8
            +---------+---------+-------+---------+---------+-------
        D:1 |      44 |      38 |  46.3 |      27 |       2 |   6.9
        D:2 |      32 |       0 |   0.0 |      17 |       0 |   0.0
        D:3 |      75 |      36 |  32.4 |      15 |       1 |   6.2
            +---------+---------+-------+---------+---------+-------
